 Dungeon Crawl Stone Soup version 0.15.0-14-g6bbbb5c (console) character file.

211 gw the Covered (level 5, -8/49 HPs)
             Began as a Deep Dwarf Fighter on Sept 5, 2014.
             Mangled by an ogre
             ... wielding a +0 giant club
              (25 damage)
             ... on Level 3 of the Dungeon.
             The game lasted 00:01:49 (2334 turns).

gw the Covered (Deep Dwarf Fighter)                 Turns: 2334, Time: 00:01:49

HP  -8/49        AC  8     Str 25      XL: 5   Next: 57%
MP   5/5         EV  9     Int  8      God:
Gold 0           SH  0     Dex 13      Spells:  0 memorised,  4 levels left

rFire  . . .     SeeInvis .     a - +0 war axe
rCold  . . .     Clarity  .     b - +0 scale mail
rNeg   . . .     rCorr    .     (no shield)
rPois  .         rRot     .     (no helmet)
rElec  .         Spirit   .     (no cloak)
SustAb .         Warding  .     e - +0 pair of gloves
rMut   .         Stasis   .     (no boots)
Gourm  .                        (no amulet)
MR     .....                    (no ring)
                                (no ring)

@: mighty, non-regenerating, not resistant to hostile enchantments, extremely
unstealthy
A: damage resistance, recharge devices, sense surroundings 1, slow healing 3
a: Device Recharging


You were on level 3 of the Dungeon.
You were not hungry.

You visited 1 branch of the dungeon, and saw 3 of its levels.

Inventory:

Hand weapons
 a - a +0 war axe (weapon)
Missiles
 g - 117 stones (quivered)
Armour
 b - a +0 scale mail (worn)
 e - a +0 pair of gloves (worn)
Magical devices
 d - a wand of heal wounds (2)
Comestibles
 f - 4 bread rations
Scrolls
 c - 3 scrolls of identify
 h - a scroll of magic mapping {unknown}
 m - a scroll of remove curse
 n - a scroll of recharging {unknown}
Potions
 i - a potion of invisibility {unknown}
 j - a potion of confusion {unknown}
 k - a potion of curing {unknown}
 l - a potion of beneficial mutation {unknown}


   Skills:
 + Level 3.5 Fighting
 * Level 4.2 Axes
 + Level 1.9 Throwing
 + Level 4.3 Armour
   Level 3.2 Shields


You had 4 spell levels left.
You didn't know any spells.

Dungeon Overview and Level Annotations

Branches:
Dungeon (3/15)

Altars:


Innate Abilities, Weirdness & Mutations

You are resistant to damage.
You can recharge devices by infusing magical energy.
You passively map a small area around you.
You do not heal naturally.


Message History

The gnoll is moderately wounded.
You slash the gnoll!
You kill the gnoll!
You closely miss the gnoll.
The gnoll is almost dead.
The gnoll hits you but does no damage. The gnoll closely misses you.
The gnoll hits you with a whip. The gnoll closely misses you.
The gnoll hits you.
ATTACK MOVE TO (-1,1)
You slash the gnoll!
You kill the gnoll!
You closely miss the gnoll.
The gnoll is moderately wounded.
You slash the ogre!
The ogre is moderately wounded.
You closely miss the gnoll.
The gnoll is severely wounded.
The gnoll closely misses you. The ogre hits you with a giant club!!
Ouch! That really hurt!
You die...

~~~~~~~~~~~~~~~~....~~~~~~~~~~~~~
####~~~~~~~~~~~~....~~~~~~~~~~~~#
.gg#............................#
, #############''''#############
## ,, ,, #..).# , ,+ # .# , ,
,#....#** . .# #....#, ,*, ,,,.#
.# * * #(...# ** * #* .# ,,
#gg..# , , , .# .......ggO..'..8#
, .# .....gg....'..8 .# ,
.....(#8..8#... * .#
############### ## ,, , ' * , , ~
~


You could see an ogre and 5 gnolls.

Table legend:
 A = Turns spent in this place as a percentage of turns spent in the entire game.
 B = Non-inter-level travel turns spent in this place as a percentage of non-inter-level travel turns spent in the entire game.
 C = Inter-level travel turns spent in this place as a percentage of turns spent in this place.
 D = Turns resting spent in this place as a percentage of non-inter-level travel turns spent in this place.
 E = Turns spent auto-exploring this place as a percentage of non-inter-level travel turns spent in this place.
 F = Non-inter-level travel turns spent in this place divided by the number of levels of this place that you've seen.
                   A       B       C       D       E      F
               +-------+-------+-------+-------+-------+----------------------
         Total | 100.0 | 100.0 |   1.0 |   0.0 |  12.4 | 329.0
       Dungeon | 100.0 | 100.0 |   1.0 |   0.0 |  12.4 | 329.0
               +-------+-------+-------+-------+-------+----------------------

Table legend:
 A = Kills in this place as a percentage of kills in entire the game.
 B = Kills by you in this place as a percentage of kills by you in the entire game.
 C = Kills by friends in this place as a percentage of kills by friends in the entire game.
 D = Other kills in this place as a percentage of other kills in the entire game.
 E = Experience gained in this place as a percentage of experience gained in the entire game.
 F = Experience gained in this place divided by the number of levels of this place that you have seen.
                   A       B       C       D       E      F
               +-------+-------+-------+-------+-------+----------------------
         Total | 100.0 | 100.0 |  -nan |  -nan | 100.0 | 100.7
       Dungeon | 100.0 | 100.0 |  -nan |  -nan | 100.0 | 100.7
               +-------+-------+-------+-------+-------+----------------------

Vanquished Creatures
  5 adders
  A giant mite (D:2)
  10 gnolls
  An inept item mimic (D:2)
  An ooze (D:2)
  A ball python (D:2)
  4 bats
  3 giant cockroaches
  8 goblins
  10 hobgoblins
  4 jackals (D:3)
  A quokka (D:2)
  A giant gecko (D:1)
  7 giant newts
  3 kobolds
  6 rats
66 creatures vanquished.

Notes
Turn   | Place    | Note
--------------------------------------------------------------
     0 | D:1      | gw, the Deep Dwarf Fighter, began the quest for the Orb.
     0 | D:1      | Reached XP level 1. HP: 20/20 MP: 1/1
   196 | D:1      | Reached XP level 2. HP: 24/27 MP: 2/2
   813 | D:2      | Reached XP level 3. HP: 21/34 MP: 3/3
   822 | D:2      | Reached skill level 1 in Throwing
   825 | D:2      | Reached XP level 4. HP: 37/42 MP: 4/4
  1115 | D:2      | Reached skill level 4 in Armour
  1680 | D:3      | Reached XP level 5. HP: 32/49 MP: 5/5
  2326 | D:3      | Noticed an ogre
  2334 | D:3      | Mangled by an ogre

Action                   |  1- 3 |  4- 6 || total
-------------------------+-------+-------++-------
Melee: War axe           |    64 |   117 ||   181
Throw: Stone             |    18 |    71 ||    89
Evoke: Wand              |     2 |     1 ||     3
  Use: Scroll            |     1 |     3 ||     4
       Potion            |     1 |     1 ||     2
  Eat: Chunk             |       |     5 ||     5

Vault maps used:
D:1:      lemuel_arrival_river_ford, minmay_close_crescents
D:3:      lemuel_castle_with_subvaults, first_bread, grunt_ministairs_14
